[ AOE2 MATCH · #473111014 ]
UnrankedBritons vs Persians
[ REPLAY ANALYSIS · EXTRACTED FROM THE RECORDED GAME ]
Feudal
12:00
Castle
15:55
Imperial
27:34
| APM avg | 31.6 |
| APM peak | 86 |
| eAPM avg | 18.0 |
| Villagers / military | 117 / 132 |
Focus
⚔️ 29.5% · 🌾 70.5%
Longbowman ×103 · Battering Ram ×20 · Trebuchet (Packed) ×5 · Mangonel ×4
Feudal
11:13
Castle
27:21
Imperial
—
| APM avg | 47.0 |
| APM peak | 90 |
| eAPM avg | 24.7 |
| Villagers / military | 116 / 19 |
Focus
⚔️ 42.1% · 🌾 57.9%
Archer ×19
Feudal
11:53
Castle
17:00
Imperial
28:43
| APM avg | 19.6 |
| APM peak | 40 |
| eAPM avg | 15.6 |
| Villagers / military | 118 / 92 |
Focus
⚔️ 26.0% · 🌾 74.0%
Spearman ×84 · Battering Ram ×5 · Mangonel ×1 · War Elephant ×1 · Trebuchet (Packed) ×1
Feudal
11:58
Castle
15:46
Imperial
34:51
| APM avg | 33.6 |
| APM peak | 69 |
| eAPM avg | 17.8 |
| Villagers / military | 136 / 66 |
Focus
⚔️ 33.4% · 🌾 66.6%
Spearman ×43 · Mangonel ×10 · Monk ×9 · Jaguar Warrior ×2 · Trebuchet (Packed) ×2
Feudal
12:01
Castle
15:44
Imperial
32:49
| APM avg | 28.6 |
| APM peak | 58 |
| eAPM avg | 17.8 |
| Villagers / military | 168 / 0 |
Focus
⚔️ 28.1% · 🌾 71.9%
Unknown (2562) ×127 · Trade Cart ×6
Feudal
11:18
Castle
14:35
Imperial
28:55
| APM avg | 39.3 |
| APM peak | 78 |
| eAPM avg | 20.0 |
| Villagers / military | 192 / 125 |
Focus
⚔️ 24.9% · 🌾 75.1%
War Elephant ×123 · Monk ×2
Feudal
11:46
Castle
14:51
Imperial
30:23
| APM avg | 54.9 |
| APM peak | 113 |
| eAPM avg | 27.6 |
| Villagers / military | 134 / 87 |
Focus
⚔️ 30.9% · 🌾 69.1%
Scout Cavalry ×53 · Scorpion ×14 · Knight ×7 · Battering Ram ×5 · Monk ×4 · Battle Elephant ×4
Feudal
8:54
Castle
23:25
Imperial
—
| APM avg | 38.7 |
| APM peak | 69 |
| eAPM avg | 24.3 |
| Villagers / military | 103 / 11 |
Focus
⚔️ 28.5% · 🌾 71.5%
Unknown (1974) ×19 · Unknown (1968) ×18 · Militia ×8 · Spearman ×3
Match map
Initial resources + every placement click. Lines = walls · curves = elevation contours. ◆ gold · ⬟ stone · ● berries · ✦ relic · ◌ wall gap
Your base· ✓ Closed at 15:55 · 33t walls · no gate
P0rr1dg3's base· ✓ Closed at 27:21 · 78t walls · no gate
NicoRespeto's base· Open — opponent sealed themselves in
YuF's base· ✓ Closed at 15:46 · 0t walls · no gate
feshark's base· Open — opponent sealed themselves in
AutoCAD's base· ✓ Closed at 14:35 · 0t walls · no gate
N8 d0g's base· Open — opponent sealed themselves in
[MGG] El Diablo's base· ✓ Closed at 23:25 · 68t walls · 3 gate(s)
Smoothed initial terrain · ◌ = detected wall gap · hover for details
Inputs per minute
— 自由人生 - - P0rr1dg3
Build order — 自由人生
First 150 of 337 actions detected
| 0:02 | Queue | Villager (Male) |
| 0:02 | Queue | Villager (Male) |
| 0:03 | Build | House |
| 0:05 | Build | House |
| 0:22 | Queue | Villager (Male) |
| 0:22 | Queue | Villager (Male) |
| 1:21 | Research | Loom |
| 1:21 | Research | Loom |
| 1:48 | Queue | Villager (Male) |
| 1:48 | Queue | Villager (Male) |
| 1:49 | Queue | Villager (Male) |
| 1:57 | Build | Palisade Wall |
| 2:02 | Build | Palisade Wall |
| 2:35 | Queue | Villager (Male) |
| 2:35 | Queue | Villager (Male) |
| 2:46 | Build | Palisade Wall |
| 2:49 | Queue | Villager (Male) |
| 2:50 | Queue | Villager (Male) |
| 3:14 | Queue | Villager (Male) |
| 3:15 | Queue | Villager (Male) |
| 3:51 | Queue | Villager (Male) |
| 3:52 | Queue | Villager (Male) |
| 3:52 | Queue | Villager (Male) |
| 4:25 | Build | Lumber Camp |
| 4:30 | Queue | Villager (Male) |
| 4:31 | Queue | Villager (Male) |
| 4:31 | Queue | Villager (Male) |
| 4:42 | Queue | Villager (Male) |
| 4:42 | Queue | Villager (Male) |
| 5:22 | Build | House |
| 5:49 | Queue | Villager (Male) |
| 5:58 | Queue | Villager (Male) |
| 5:59 | Queue | Villager (Male) |
| 5:59 | Queue | Villager (Male) |
| 5:59 | Queue | Villager (Male) |
| 6:06 | Queue | Villager (Male) |
| 6:27 | Build | House |
| 6:54 | Build | Mill |
| 7:59 | Build | Farm |
| 8:14 | Build | House |
| 8:21 | Queue | Villager (Male) |
| 8:44 | Build | Lumber Camp |
| 8:50 | Queue | Villager (Male) |
| 9:13 | Queue | Villager (Male) |
| 9:28 | Research | Feudal Age |
| 9:29 | Research | Feudal Age |
| 9:50 | Build | Mining Camp |
| 11:06 | Queue | Villager (Male) |
| 11:07 | Queue | Villager (Male) |
| 12:00 | Age | Feudal Age |
| 12:05 | Queue | Villager (Male) |
| 12:11 | Build | Stone Wall |
| 12:19 | Build | Market |
| 12:26 | Build | Stone Wall |
| 12:29 | Build | Blacksmith |
| 13:11 | Research | Castle Age |
| 13:12 | Research | Castle Age |
| 13:20 | Build | House |
| 13:34 | Research | Double-Bit Axe |
| 13:35 | Research | Double-Bit Axe |
| 13:35 | Research | Double-Bit Axe |
| 14:31 | Queue | Villager (Male) |
| 14:31 | Queue | Villager (Male) |
| 15:37 | Queue | Villager (Male) |
| 15:37 | Queue | Villager (Male) |
| 15:55 | Age | Castle Age |
| 15:59 | Build | Town Center |
| 16:08 | Build | Town Center |
| 16:14 | Research | Horse Collar |
| 16:15 | Research | Horse Collar |
| 16:15 | Research | Horse Collar |
| 16:18 | Build | Farm |
| 16:19 | Build | Farm |
| 16:25 | Build | Farm |
| 16:32 | Build | Farm |
| 16:33 | Build | Farm |
| 16:49 | Build | Outpost |
| 17:00 | Queue | Villager (Male) |
| 17:00 | Queue | Villager (Male) |
| 17:05 | Build | Farm |
| 17:09 | Build | Farm |
| 17:11 | Build | Farm |
| 17:14 | Build | Farm |
| 17:15 | Build | Farm |
| 17:20 | Queue | Villager (Male) |
| 17:21 | Queue | Villager (Male) |
| 17:33 | Build | Farm |
| 17:36 | Queue | Villager (Male) |
| 17:38 | Queue | Villager (Male) |
| 17:40 | Queue | Villager (Male) |
| 17:43 | Build | Farm |
| 17:48 | Build | Farm |
| 17:52 | Queue | Villager (Male) |
| 17:54 | Queue | Villager (Male) |
| 18:00 | Build | Farm |
| 18:03 | Queue | Villager (Male) |
| 18:23 | Build | Stone Wall |
| 18:28 | Queue | Villager (Male) |
| 18:30 | Queue | Villager (Male) |
| 18:33 | Build | Lumber Camp |
| 18:37 | Queue | Villager (Male) |
| 18:42 | Build | House |
| 18:44 | Build | House |
| 18:58 | Queue | Villager (Male) |
| 19:06 | Build | Mining Camp |
| 19:10 | Queue | Villager (Male) |
| 19:14 | Build | Farm |
| 19:17 | Build | Farm |
| 19:22 | Queue | Villager (Male) |
| 19:22 | Queue | Villager (Male) |
| 19:29 | Queue | Villager (Male) |
| 19:37 | Queue | Villager (Male) |
| 19:42 | Build | Farm |
| 19:49 | Build | House |
| 20:01 | Build | Lumber Camp |
| 20:02 | Queue | Villager (Male) |
| 20:13 | Build | House |
| 20:20 | Research | Wheelbarrow |
| 20:20 | Research | Wheelbarrow |
| 20:23 | Queue | Villager (Male) |
| 20:23 | Queue | Villager (Male) |
| 20:38 | Build | Lumber Camp |
| 20:42 | Queue | Villager (Male) |
| 20:42 | Queue | Villager (Male) |
| 20:53 | Queue | Villager (Male) |
| 20:59 | Build | House |
| 21:07 | Queue | Villager (Male) |
| 21:11 | Build | Farm |
| 21:17 | Research | Gold Mining |
| 21:18 | Research | Gold Mining |
| 21:18 | Research | Gold Mining |
| 21:24 | Queue | Villager (Male) |
| 21:33 | Queue | Villager (Male) |
| 21:34 | Queue | Villager (Male) |
| 21:41 | Build | House |
| 21:42 | Build | House |
| 21:47 | Build | House |
| 21:49 | Build | House |
| 21:50 | Build | House |
| 21:52 | Build | House |
| 21:56 | Queue | Villager (Male) |
| 22:05 | Queue | Villager (Male) |
| 22:07 | Queue | Villager (Male) |
| 22:21 | Queue | Villager (Male) |
| 22:29 | Queue | Villager (Male) |
| 22:32 | Queue | Villager (Male) |
| 22:39 | Queue | Villager (Male) |
| 22:42 | Queue | Villager (Male) |
| 23:20 | Build | Castle |
| 23:32 | Queue | Villager (Male) |
Build order — P0rr1dg3
First 150 of 347 actions detected
| 0:00 | Queue | Villager (Male) |
| 0:01 | Research | Loom |
| 0:02 | Build | House |
| 0:03 | Build | House |
| 0:08 | Queue | Villager (Male) |
| 0:08 | Queue | Villager (Male) |
| 0:08 | Queue | Villager (Male) |
| 0:28 | Build | Palisade Wall |
| 0:30 | Build | Palisade Wall |
| 0:31 | Build | Palisade Wall |
| 1:46 | Build | Palisade Wall |
| 1:47 | Build | Palisade Wall |
| 1:54 | Queue | Villager (Male) |
| 1:54 | Queue | Villager (Male) |
| 2:46 | Queue | Villager (Male) |
| 3:16 | Queue | Villager (Male) |
| 3:30 | Build | Lumber Camp |
| 3:37 | Queue | Villager (Male) |
| 3:37 | Queue | Villager (Male) |
| 3:51 | Build | Palisade Wall |
| 3:52 | Build | Palisade Wall |
| 4:05 | Queue | Villager (Male) |
| 4:30 | Queue | Villager (Male) |
| 4:30 | Queue | Villager (Male) |
| 4:52 | Queue | Villager (Male) |
| 5:15 | Build | House |
| 5:22 | Queue | Villager (Male) |
| 5:41 | Queue | Villager (Male) |
| 5:45 | Build | House |
| 5:46 | Build | Palisade Wall |
| 6:29 | Queue | Villager (Male) |
| 6:32 | Queue | Villager (Male) |
| 6:34 | Queue | Villager (Male) |
| 6:37 | Queue | Villager (Male) |
| 7:07 | Build | Palisade Wall |
| 7:33 | Build | House |
| 7:42 | Build | Palisade Wall |
| 7:47 | Build | House |
| 7:53 | Queue | Villager (Male) |
| 8:11 | Build | House |
| 8:24 | Build | Mining Camp |
| 8:36 | Queue | Villager (Male) |
| 8:58 | Build | Mill |
| 9:03 | Research | Feudal Age |
| 9:04 | Research | Feudal Age |
| 9:12 | Build | House |
| 9:18 | Build | Outpost |
| 9:32 | Build | House |
| 9:36 | Build | Palisade Wall |
| 9:37 | Build | Palisade Wall |
| 9:47 | Queue | Villager (Male) |
| 9:50 | Build | Palisade Wall |
| 9:51 | Queue | Villager (Male) |
| 9:55 | Queue | Villager (Male) |
| 10:15 | Build | Mining Camp |
| 10:16 | Queue | Villager (Male) |
| 10:23 | Build | Palisade Wall |
| 10:24 | Build | Palisade Wall |
| 10:26 | Build | Palisade Wall |
| 10:29 | Queue | Villager (Male) |
| 10:30 | Build | Palisade Wall |
| 10:39 | Queue | Villager (Male) |
| 11:10 | Queue | Villager (Male) |
| 11:13 | Age | Feudal Age |
| 11:16 | Build | Watch Tower |
| 11:17 | Queue | Villager (Male) |
| 11:19 | Build | House |
| 11:21 | Build | House |
| 11:36 | Research | Double-Bit Axe |
| 11:58 | Build | House |
| 12:00 | Build | Stone Wall |
| 12:02 | Build | Stone Wall |
| 12:05 | Build | Stone Wall |
| 12:08 | Queue | Villager (Male) |
| 12:25 | Build | Stone Wall |
| 12:36 | Build | Stone Wall |
| 12:41 | Build | Stone Wall |
| 12:46 | Queue | Villager (Male) |
| 12:48 | Build | House |
| 12:54 | Build | Stone Wall |
| 12:58 | Build | Blacksmith |
| 13:01 | Build | Stone Wall |
| 13:02 | Queue | Villager (Male) |
| 13:04 | Build | House |
| 13:24 | Build | Barracks |
| 13:27 | Build | House |
| 13:29 | Build | Palisade Wall |
| 13:29 | Build | Palisade Wall |
| 13:52 | Build | Stone Wall |
| 13:53 | Queue | Villager (Male) |
| 13:58 | Queue | Villager (Male) |
| 14:09 | Build | Stone Wall |
| 14:53 | Queue | Villager (Male) |
| 15:14 | Build | Lumber Camp |
| 15:19 | Build | Lumber Camp |
| 15:22 | Queue | Villager (Male) |
| 15:44 | Queue | Villager (Male) |
| 15:56 | Research | Fletching |
| 15:56 | Research | Fletching |
| 16:13 | Build | Archery Range |
| 16:16 | Build | Stone Wall |
| 16:18 | Build | House |
| 16:21 | Build | Stone Wall |
| 16:23 | Build | Stone Wall |
| 16:25 | Build | Stone Wall |
| 16:27 | Build | House |
| 16:31 | Build | House |
| 16:35 | Build | Stone Wall |
| 16:39 | Queue | Villager (Male) |
| 16:40 | Queue | Villager (Male) |
| 16:47 | Build | Stone Wall |
| 16:49 | Build | Stone Wall |
| 16:53 | Build | Stone Wall |
| 16:54 | Build | Stone Wall |
| 16:55 | Build | Stone Wall |
| 17:00 | Build | House |
| 17:01 | Build | House |
| 17:03 | Build | House |
| 17:04 | Build | House |
| 17:14 | Queue | Archer |
| 17:14 | Queue | Archer |
| 17:16 | Queue | Villager (Male) |
| 17:17 | Queue | Villager (Male) |
| 17:23 | Queue | Villager (Male) |
| 17:25 | Queue | Villager (Male) |
| 17:30 | Queue | Villager (Male) |
| 17:32 | Queue | Villager (Male) |
| 17:38 | Queue | Villager (Male) |
| 17:44 | Queue | Archer |
| 17:45 | Queue | Villager (Male) |
| 17:57 | Queue | Archer |
| 17:58 | Queue | Villager (Male) |
| 18:04 | Build | Farm |
| 18:04 | Build | Farm |
| 18:04 | Build | Farm |
| 18:05 | Build | Farm |
| 18:09 | Build | House |
| 18:26 | Build | Stone Wall |
| 18:32 | Build | Farm |
| 18:33 | Build | Farm |
| 18:44 | Queue | Archer |
| 18:47 | Queue | Archer |
| 18:47 | Queue | Archer |
| 19:24 | Queue | Archer |
| 19:32 | Queue | Villager (Male) |
| 19:40 | Queue | Villager (Male) |
| 19:48 | Build | Farm |
| 19:53 | Queue | Archer |
| 19:54 | Queue | Archer |
| 20:02 | Queue | Villager (Male) |
Build order — NicoRespeto
First 150 of 276 actions detected
| 0:01 | Queue | Villager (Male) |
| 0:01 | Queue | Villager (Male) |
| 0:02 | Build | House |
| 0:03 | Build | House |
| 0:09 | Queue | Villager (Male) |
| 0:09 | Queue | Villager (Male) |
| 0:10 | Queue | Villager (Male) |
| 0:45 | Research | Loom |
| 0:53 | Queue | Villager (Male) |
| 0:53 | Queue | Villager (Male) |
| 1:05 | Queue | Villager (Male) |
| 1:05 | Queue | Villager (Male) |
| 1:05 | Queue | Villager (Male) |
| 1:25 | Queue | Villager (Male) |
| 1:26 | Queue | Villager (Male) |
| 1:26 | Queue | Villager (Male) |
| 1:37 | Build | Palisade Wall |
| 2:08 | Build | Lumber Camp |
| 2:33 | Queue | Villager (Male) |
| 2:33 | Queue | Villager (Male) |
| 2:33 | Queue | Villager (Male) |
| 2:41 | Build | House |
| 2:42 | Build | House |
| 3:03 | Queue | Villager (Male) |
| 3:03 | Queue | Villager (Male) |
| 3:12 | Build | House |
| 4:00 | Build | Palisade Wall |
| 4:02 | Queue | Villager (Male) |
| 4:02 | Queue | Villager (Male) |
| 4:26 | Queue | Villager (Male) |
| 4:26 | Queue | Villager (Male) |
| 4:38 | Build | Palisade Wall |
| 5:11 | Build | House |
| 5:14 | Queue | Villager (Male) |
| 5:15 | Queue | Villager (Male) |
| 5:15 | Queue | Villager (Male) |
| 5:36 | Queue | Villager (Male) |
| 5:37 | Queue | Villager (Male) |
| 6:03 | Build | Mill |
| 6:08 | Queue | Villager (Male) |
| 6:09 | Queue | Villager (Male) |
| 6:09 | Queue | Villager (Male) |
| 6:33 | Queue | Villager (Male) |
| 6:33 | Queue | Villager (Male) |
| 6:33 | Queue | Villager (Male) |
| 7:00 | Queue | Villager (Male) |
| 7:00 | Queue | Villager (Male) |
| 7:00 | Queue | Villager (Male) |
| 7:00 | Queue | Villager (Male) |
| 7:19 | Build | Lumber Camp |
| 7:47 | Queue | Villager (Male) |
| 8:07 | Queue | Villager (Male) |
| 8:07 | Queue | Villager (Male) |
| 8:08 | Queue | Villager (Male) |
| 8:49 | Queue | Villager (Male) |
| 8:49 | Queue | Villager (Male) |
| 9:03 | Build | Mining Camp |
| 9:31 | Queue | Villager (Male) |
| 9:49 | Research | Feudal Age |
| 10:49 | Queue | Villager (Male) |
| 11:12 | Build | Farm |
| 11:32 | Build | Farm |
| 11:48 | Queue | Villager (Male) |
| 11:53 | Age | Feudal Age |
| 11:55 | Build | Market |
| 12:01 | Build | Blacksmith |
| 12:06 | Queue | Villager (Male) |
| 12:28 | Build | Farm |
| 12:49 | Build | Farm |
| 12:50 | Queue | Villager (Male) |
| 12:58 | Build | Farm |
| 13:01 | Queue | Villager (Male) |
| 13:27 | Queue | Villager (Male) |
| 13:33 | Build | Mining Camp |
| 13:38 | Build | Farm |
| 13:54 | Build | Farm |
| 14:05 | Queue | Villager (Male) |
| 14:15 | Build | Farm |
| 14:18 | Build | Farm |
| 14:34 | Research | Castle Age |
| 14:34 | Research | Castle Age |
| 14:35 | Research | Castle Age |
| 14:42 | Build | Farm |
| 14:46 | Build | Farm |
| 15:23 | Queue | Villager (Male) |
| 15:30 | Build | Farm |
| 15:31 | Build | Farm |
| 15:48 | Build | Farm |
| 15:59 | Queue | Villager (Male) |
| 16:18 | Build | Outpost |
| 16:25 | Research | Wheelbarrow |
| 16:25 | Research | Town Watch |
| 16:39 | Research | Horse Collar |
| 16:55 | Build | House |
| 16:56 | Build | House |
| 17:00 | Age | Castle Age |
| 17:10 | Queue | Villager (Male) |
| 17:26 | Queue | Villager (Male) |
| 17:26 | Queue | Villager (Male) |
| 18:12 | Queue | Villager (Male) |
| 18:13 | Queue | Villager (Male) |
| 18:32 | Build | Castle |
| 18:35 | Queue | Villager (Male) |
| 18:40 | Build | House |
| 18:41 | Build | House |
| 18:49 | Queue | Villager (Male) |
| 19:00 | Build | Lumber Camp |
| 19:04 | Research | Double-Bit Axe |
| 19:22 | Build | Farm |
| 19:26 | Build | Farm |
| 19:27 | Queue | Villager (Male) |
| 19:45 | Queue | Villager (Male) |
| 19:47 | Build | Farm |
| 19:49 | Queue | Villager (Male) |
| 19:55 | Queue | Villager (Male) |
| 20:03 | Build | Farm |
| 20:22 | Research | Fletching |
| 20:23 | Queue | Villager (Male) |
| 20:29 | Research | Heavy Plow |
| 20:30 | Research | Bow Saw |
| 20:33 | Queue | Villager (Male) |
| 21:00 | Queue | Villager (Male) |
| 21:16 | Build | Siege Workshop |
| 21:20 | Queue | Villager (Male) |
| 21:21 | Queue | Villager (Male) |
| 21:21 | Queue | Villager (Male) |
| 21:28 | Research | Gold Mining |
| 21:31 | Queue | Villager (Male) |
| 21:31 | Queue | Villager (Male) |
| 21:31 | Queue | Villager (Male) |
| 21:54 | Research | Hand Cart |
| 21:54 | Research | Hand Cart |
| 22:21 | Queue | Battering Ram |
| 22:21 | Queue | Battering Ram |
| 22:21 | Queue | Battering Ram |
| 22:27 | Queue | Villager (Male) |
| 22:42 | Build | Farm |
| 22:44 | Queue | Villager (Male) |
| 22:45 | Queue | Villager (Male) |
| 22:58 | Build | Farm |
| 23:05 | Queue | Battering Ram |
| 23:19 | Queue | Villager (Male) |
| 23:35 | Queue | Villager (Male) |
| 23:44 | Queue | Villager (Male) |
| 24:14 | Queue | Villager (Male) |
| 24:19 | Build | Mining Camp |
| 24:40 | Queue | War Elephant |
| 24:45 | Queue | Villager (Male) |
| 24:58 | Queue | Villager (Male) |
| 25:39 | Research | Imperial Age |
Build order — YuF
First 150 of 360 actions detected
| 0:02 | Queue | Villager (Male) ×4 |
| 0:04 | Build | House |
| 0:06 | Build | House |
| 1:19 | Queue | Villager (Male) |
| 1:55 | Queue | Villager (Male) |
| 2:54 | Queue | Villager (Male) |
| 3:08 | Queue | Villager (Male) |
| 3:08 | Queue | Villager (Male) |
| 3:12 | Build | House |
| 3:13 | Build | House |
| 3:57 | Queue | Villager (Male) |
| 3:58 | Queue | Villager (Male) |
| 4:09 | Queue | Villager (Male) |
| 4:09 | Queue | Villager (Male) |
| 4:27 | Build | Lumber Camp |
| 4:32 | Queue | Villager (Male) |
| 5:15 | Queue | Villager (Male) |
| 5:34 | Queue | Villager (Male) |
| 5:34 | Queue | Villager (Male) |
| 5:35 | Queue | Villager (Male) |
| 5:53 | Queue | Villager (Male) |
| 5:55 | Queue | Villager (Male) |
| 6:07 | Build | House |
| 6:12 | Queue | Villager (Male) |
| 6:20 | Queue | Villager (Male) |
| 6:56 | Queue | Villager (Male) |
| 6:56 | Queue | Villager (Male) |
| 7:22 | Build | Mill |
| 7:39 | Queue | Villager (Male) |
| 8:05 | Queue | Villager (Male) |
| 8:38 | Queue | Villager (Male) |
| 9:27 | Build | Mining Camp |
| 9:44 | Research | Feudal Age |
| 10:34 | Queue | Villager (Male) |
| 10:34 | Queue | Villager (Male) |
| 11:58 | Age | Feudal Age |
| 12:20 | Build | Blacksmith |
| 12:22 | Build | Market |
| 12:31 | Research | Double-Bit Axe |
| 12:34 | Research | Horse Collar |
| 13:06 | Research | Castle Age |
| 13:23 | Research | Wheelbarrow |
| 13:30 | Build | House |
| 13:31 | Build | House |
| 15:46 | Age | Castle Age |
| 15:54 | Build | Palisade Wall |
| 15:58 | Build | Monastery |
| 16:26 | Build | Monastery |
| 16:27 | Queue | Villager (Male) |
| 16:31 | Research | Fervor |
| 16:33 | Build | Town Center |
| 16:54 | Queue | Villager (Male) |
| 17:03 | Queue | Monk |
| 17:05 | Queue | Monk |
| 17:17 | Research | Heavy Plow |
| 17:31 | Queue | Villager (Male) |
| 17:34 | Build | Farm |
| 17:49 | Build | Farm |
| 17:50 | Build | Farm |
| 18:30 | Build | Palisade Gate |
| 18:34 | Research | Sanctity |
| 18:35 | Queue | Villager (Male) |
| 18:37 | Build | Farm |
| 18:48 | Queue | Villager (Male) |
| 18:48 | Queue | Villager (Male) |
| 18:50 | Build | Lumber Camp |
| 18:58 | Build | Farm |
| 18:59 | Build | Farm |
| 19:00 | Build | Farm |
| 19:01 | Build | Farm |
| 19:10 | Build | Farm |
| 19:35 | Build | House |
| 19:40 | Queue | Monk |
| 19:42 | Queue | Monk |
| 19:46 | Queue | Villager (Male) |
| 19:48 | Build | Farm |
| 19:50 | Queue | Villager (Male) |
| 19:51 | Queue | Villager (Male) |
| 19:52 | Build | Farm |
| 20:32 | Build | House |
| 20:50 | Queue | Villager (Male) |
| 20:50 | Queue | Villager (Male) |
| 20:53 | Build | Farm |
| 20:54 | Build | Farm |
| 20:55 | Build | Farm |
| 20:57 | Queue | Villager (Male) |
| 20:57 | Queue | Villager (Male) |
| 21:16 | Build | House |
| 21:25 | Research | Devotion |
| 21:27 | Queue | Monk |
| 21:31 | Queue | Villager (Male) |
| 21:34 | Build | Farm |
| 21:39 | Build | Farm |
| 21:47 | Queue | Villager (Male) |
| 21:47 | Queue | Villager (Male) |
| 21:51 | Build | House |
| 22:05 | Queue | Villager (Male) |
| 22:09 | Research | Bow Saw |
| 22:12 | Queue | Villager (Male) |
| 22:12 | Queue | Villager (Male) |
| 22:25 | Queue | Villager (Male) |
| 22:26 | Queue | Villager (Male) |
| 22:31 | Build | House |
| 22:36 | Queue | Villager (Male) |
| 22:58 | Research | Redemption |
| 23:06 | Build | House |
| 23:06 | Queue | Villager (Male) |
| 23:09 | Build | Farm |
| 23:20 | Queue | Villager (Male) |
| 23:22 | Queue | Monk |
| 23:22 | Queue | Monk |
| 23:41 | Build | House |
| 23:42 | Queue | Villager (Male) |
| 23:43 | Queue | Villager (Male) |
| 23:47 | Build | Town Center |
| 24:02 | Queue | Villager (Male) |
| 24:05 | Research | Hand Cart |
| 24:09 | Build | Farm |
| 24:19 | Build | House |
| 24:24 | Research | Herbal Medicine |
| 25:05 | Queue | Villager (Male) |
| 25:06 | Queue | Villager (Male) |
| 25:14 | Build | Mining Camp |
| 25:16 | Research | Stone Mining |
| 25:18 | Queue | Villager (Male) |
| 25:19 | Queue | Villager (Male) |
| 25:21 | Build | House |
| 25:27 | Build | Town Center |
| 25:28 | Queue | Villager (Male) |
| 25:28 | Queue | Villager (Male) |
| 25:29 | Queue | Villager (Male) |
| 25:51 | Queue | Villager (Male) |
| 25:51 | Queue | Villager (Male) |
| 25:53 | Build | Farm |
| 25:54 | Queue | Villager (Male) |
| 25:54 | Queue | Villager (Male) |
| 25:56 | Build | Farm |
| 25:57 | Build | Farm |
| 26:05 | Build | House |
| 26:13 | Research | Gold Mining |
| 26:15 | Queue | Villager (Male) |
| 26:16 | Queue | Villager (Male) |
| 26:17 | Queue | Villager (Male) |
| 26:35 | Queue | Villager (Male) |
| 26:36 | Queue | Villager (Male) |
| 26:44 | Build | Farm |
| 26:45 | Build | Farm |
| 26:47 | Build | Farm |
| 26:48 | Build | Farm |
| 26:49 | Build | Farm |
Build order — feshark
First 150 of 453 actions detected
| 0:01 | Queue | Villager (Male) |
| 0:02 | Queue | Villager (Male) |
| 0:02 | Queue | Villager (Male) |
| 0:03 | Build | House |
| 0:08 | Queue | Villager (Male) |
| 1:34 | Queue | Villager (Male) |
| 1:55 | Queue | Villager (Male) |
| 2:12 | Build | Settlement |
| 2:21 | Queue | Villager (Male) |
| 2:44 | Research | Loom |
| 3:04 | Queue | Villager (Male) |
| 3:19 | Queue | Villager (Male) |
| 3:55 | Queue | Villager (Male) |
| 4:08 | Queue | Villager (Male) |
| 4:08 | Queue | Villager (Male) |
| 4:18 | Queue | Villager (Male) |
| 4:33 | Build | House |
| 4:37 | Queue | Villager (Male) |
| 4:59 | Queue | Villager (Male) |
| 5:17 | Queue | Villager (Male) |
| 6:21 | Queue | Villager (Male) |
| 6:34 | Build | Settlement |
| 6:46 | Queue | Villager (Male) |
| 7:00 | Queue | Villager (Male) |
| 7:43 | Queue | Villager (Male) |
| 8:23 | Queue | Villager (Male) |
| 8:30 | Build | House |
| 8:43 | Queue | Villager (Male) |
| 8:56 | Build | Farm |
| 8:59 | Build | Farm |
| 9:02 | Build | Farm |
| 9:03 | Queue | Villager (Male) |
| 9:39 | Research | Feudal Age |
| 10:53 | Queue | Villager (Male) |
| 10:54 | Queue | Villager (Male) |
| 11:41 | Build | Farm |
| 11:44 | Build | Farm |
| 12:01 | Age | Feudal Age |
| 12:05 | Build | Market |
| 12:07 | Build | Blacksmith |
| 12:55 | Queue | Villager (Male) |
| 12:55 | Queue | Villager (Male) |
| 12:58 | Build | Settlement |
| 13:00 | Research | Castle Age |
| 13:04 | Research | Castle Age |
| 15:03 | Queue | Villager (Male) |
| 15:03 | Queue | Villager (Male) |
| 15:44 | Age | Castle Age |
| 15:47 | Queue | Villager (Male) |
| 15:51 | Build | Town Center |
| 16:01 | Build | Town Center |
| 16:06 | Queue | Villager (Male) |
| 16:14 | Build | Farm |
| 16:53 | Build | Farm |
| 16:59 | Build | Farm |
| 17:02 | Queue | Villager (Male) |
| 17:13 | Queue | Villager (Male) |
| 17:13 | Queue | Villager (Male) |
| 17:16 | Queue | Villager (Male) |
| 17:17 | Queue | Villager (Male) |
| 17:36 | Research | Wheelbarrow |
| 17:37 | Queue | Villager (Male) |
| 17:41 | Build | Farm |
| 17:46 | Build | Farm |
| 17:51 | Build | Farm |
| 17:57 | Queue | Villager (Male) |
| 17:58 | Queue | Villager (Male) |
| 18:11 | Queue | Villager (Male) |
| 18:14 | Build | Farm |
| 18:20 | Build | Farm |
| 18:25 | Queue | Villager (Male) |
| 18:37 | Queue | Villager (Male) |
| 18:38 | Build | Farm |
| 18:51 | Research | Horse Collar |
| 18:56 | Research | Double-Bit Axe |
| 19:02 | Research | Horse Collar |
| 19:06 | Queue | Villager (Male) |
| 19:33 | Build | House |
| 19:34 | Build | House |
| 19:38 | Queue | Villager (Male) |
| 19:38 | Queue | Villager (Male) |
| 19:40 | Queue | Villager (Male) |
| 19:41 | Queue | Villager (Male) |
| 19:41 | Queue | Villager (Male) |
| 19:43 | Build | Farm |
| 19:45 | Build | Farm |
| 19:50 | Build | Farm |
| 19:53 | Queue | Villager (Male) |
| 19:53 | Queue | Villager (Male) |
| 20:02 | Build | House |
| 20:03 | Build | House |
| 20:06 | Queue | Villager (Male) |
| 20:06 | Queue | Villager (Male) |
| 20:10 | Build | Farm |
| 20:30 | Research | Bow Saw |
| 20:40 | Research | Gold Mining |
| 20:40 | Research | Gold Mining |
| 20:44 | Queue | Villager (Male) |
| 20:44 | Queue | Villager (Male) |
| 20:47 | Build | Farm |
| 20:48 | Build | Farm |
| 20:57 | Queue | Villager (Male) |
| 20:58 | Queue | Villager (Male) |
| 21:00 | Build | Farm |
| 21:05 | Build | Castle |
| 21:10 | Build | Farm |
| 21:16 | Queue | Villager (Male) |
| 21:17 | Queue | Villager (Male) |
| 21:18 | Build | House |
| 21:20 | Build | House |
| 21:21 | Build | House |
| 21:26 | Queue | Villager (Male) |
| 21:27 | Queue | Villager (Male) |
| 21:41 | Build | Farm |
| 21:45 | Build | Farm |
| 21:47 | Queue | Villager (Male) |
| 21:47 | Queue | Villager (Male) |
| 21:47 | Queue | Villager (Male) |
| 21:55 | Queue | Villager (Male) |
| 21:55 | Queue | Villager (Male) |
| 22:07 | Queue | Villager (Male) |
| 22:07 | Queue | Villager (Male) |
| 22:09 | Queue | Villager (Male) |
| 22:13 | Build | Farm |
| 22:16 | Build | Farm |
| 22:24 | Queue | Villager (Male) |
| 22:24 | Queue | Villager (Male) |
| 22:26 | Build | Farm |
| 22:29 | Queue | Villager (Male) |
| 22:29 | Queue | Villager (Male) |
| 22:31 | Build | House |
| 22:32 | Build | House |
| 22:34 | Build | House |
| 22:42 | Queue | Villager (Male) |
| 22:42 | Queue | Villager (Male) |
| 22:43 | Queue | Villager (Male) |
| 22:50 | Queue | Villager (Male) |
| 22:50 | Queue | Villager (Male) |
| 22:57 | Build | Farm |
| 22:58 | Build | Farm |
| 23:00 | Build | Farm |
| 23:02 | Build | Farm |
| 23:03 | Queue | Villager (Male) |
| 23:03 | Queue | Villager (Male) |
| 23:12 | Queue | Unit 2562 |
| 23:12 | Queue | Unit 2562 |
| 23:13 | Queue | Unit 2562 |
| 23:13 | Queue | Unit 2562 |
| 23:28 | Build | Barracks |
| 23:29 | Queue | Villager (Male) |
Build order — AutoCAD
First 150 of 425 actions detected
| 0:04 | Queue | Villager (Male) |
| 0:04 | Queue | Villager (Male) ×5 |
| 0:05 | Queue | Villager (Male) ×4 |
| 0:06 | Build | House |
| 0:08 | Build | House |
| 1:26 | Queue | Villager (Male) |
| 1:26 | Queue | Villager (Male) |
| 1:56 | Queue | Villager (Male) |
| 1:56 | Queue | Villager (Male) |
| 2:01 | Build | Lumber Camp |
| 2:14 | Queue | Villager (Male) |
| 2:14 | Queue | Villager (Male) |
| 2:46 | Queue | Villager (Male) |
| 2:47 | Queue | Villager (Male) |
| 3:15 | Queue | Villager (Male) |
| 3:15 | Queue | Villager (Male) |
| 3:51 | Queue | Villager (Male) |
| 3:52 | Queue | Villager (Male) |
| 3:54 | Build | House |
| 3:56 | Build | House |
| 3:58 | Build | Mill |
| 4:28 | Queue | Villager (Male) |
| 4:29 | Queue | Villager (Male) |
| 4:39 | Queue | Villager (Male) |
| 4:39 | Queue | Villager (Male) |
| 5:03 | Queue | Villager (Male) |
| 5:03 | Queue | Villager (Male) |
| 5:18 | Queue | Villager (Male) |
| 5:18 | Queue | Villager (Male) |
| 5:29 | Queue | Villager (Male) |
| 5:29 | Queue | Villager (Male) |
| 5:58 | Queue | Villager (Male) |
| 5:58 | Queue | Villager (Male) |
| 6:03 | Queue | Villager (Male) |
| 6:04 | Queue | Villager (Male) |
| 6:23 | Queue | Villager (Male) |
| 6:52 | Queue | Villager (Male) |
| 6:59 | Build | House |
| 7:00 | Build | House |
| 7:42 | Queue | Villager (Male) |
| 7:47 | Queue | Villager (Male) |
| 8:42 | Queue | Villager (Male) |
| 8:56 | Build | Mining Camp |
| 9:07 | Research | Feudal Age |
| 10:30 | Build | Farm |
| 10:33 | Build | Farm |
| 10:38 | Build | Farm |
| 10:47 | Queue | Villager (Male) |
| 10:47 | Queue | Villager (Male) |
| 11:18 | Age | Feudal Age |
| 11:21 | Research | Double-Bit Axe |
| 11:24 | Build | Market |
| 11:30 | Build | Market |
| 11:35 | Build | Blacksmith |
| 12:10 | Research | Castle Age |
| 12:25 | Research | Horse Collar |
| 13:18 | Queue | Villager (Male) |
| 14:35 | Age | Castle Age |
| 14:37 | Research | Loom |
| 14:40 | Research | Bow Saw |
| 14:43 | Build | Monastery |
| 14:58 | Queue | Villager (Male) |
| 15:01 | Build | Farm |
| 15:01 | Build | Farm |
| 15:02 | Build | Farm |
| 15:04 | Research | Heavy Plow |
| 15:18 | Queue | Monk |
| 15:30 | Queue | Villager (Male) |
| 15:56 | Build | Town Center |
| 16:10 | Build | Town Center |
| 16:17 | Queue | Villager (Male) |
| 16:27 | Queue | Monk |
| 16:38 | Queue | Villager (Male) |
| 16:41 | Build | House |
| 16:42 | Build | House |
| 16:42 | Build | House |
| 17:01 | Build | Farm |
| 17:03 | Build | Farm |
| 17:20 | Queue | Villager (Male) |
| 17:25 | Queue | Villager (Male) |
| 17:25 | Queue | Villager (Male) |
| 17:30 | Queue | Villager (Male) |
| 17:37 | Build | Farm |
| 17:41 | Build | Town Center |
| 17:45 | Queue | Villager (Male) |
| 18:07 | Build | Farm |
| 18:13 | Build | House |
| 18:14 | Build | House |
| 18:15 | Build | House |
| 18:16 | Build | House |
| 18:19 | Build | Farm |
| 18:28 | Queue | Villager (Male) |
| 18:31 | Queue | Villager (Male) |
| 18:31 | Queue | Villager (Male) |
| 18:37 | Build | Farm |
| 18:45 | Queue | Villager (Male) |
| 18:53 | Queue | Villager (Male) |
| 18:53 | Queue | Villager (Male) |
| 18:55 | Queue | Villager (Male) |
| 18:55 | Queue | Villager (Male) |
| 18:56 | Queue | Villager (Male) |
| 18:56 | Queue | Villager (Male) |
| 19:14 | Queue | Villager (Male) |
| 19:18 | Build | Farm |
| 19:27 | Build | House |
| 19:36 | Queue | Villager (Male) |
| 19:36 | Queue | Villager (Male) |
| 19:37 | Queue | Villager (Male) |
| 19:42 | Build | Farm |
| 19:53 | Queue | Villager (Male) |
| 19:53 | Queue | Villager (Male) |
| 20:01 | Build | Farm |
| 20:01 | Build | Farm |
| 20:11 | Queue | Villager (Male) |
| 20:13 | Build | House |
| 20:14 | Build | House |
| 20:15 | Build | House |
| 20:16 | Build | House |
| 20:16 | Build | House |
| 20:19 | Build | House |
| 20:23 | Queue | Villager (Male) |
| 20:23 | Queue | Villager (Male) |
| 20:23 | Queue | Villager (Male) |
| 20:28 | Build | Town Center |
| 20:30 | Queue | Villager (Male) |
| 20:42 | Queue | Villager (Male) |
| 20:43 | Queue | Villager (Male) |
| 20:53 | Build | Farm |
| 20:54 | Queue | Villager (Male) |
| 21:06 | Build | Farm |
| 21:06 | Build | Farm |
| 21:06 | Build | Farm |
| 21:07 | Build | Farm |
| 21:08 | Queue | Villager (Male) |
| 21:08 | Queue | Villager (Male) |
| 21:13 | Queue | Villager (Male) |
| 21:14 | Queue | Villager (Male) |
| 21:16 | Build | Farm |
| 21:20 | Build | Farm |
| 21:25 | Queue | Villager (Male) |
| 21:34 | Queue | Villager (Male) |
| 21:34 | Queue | Villager (Male) |
| 21:41 | Queue | Villager (Male) |
| 21:43 | Build | Farm |
| 21:44 | Queue | Villager (Male) |
| 21:49 | Build | Farm |
| 21:52 | Build | House |
| 21:52 | Build | House |
| 21:56 | Research | Wheelbarrow |
| 22:01 | Build | Farm |
Build order — N8 d0g
First 150 of 422 actions detected
| 0:00 | Queue | Villager (Male) |
| 0:01 | Queue | Villager (Male) |
| 0:01 | Queue | Villager (Male) |
| 0:02 | Build | House |
| 0:03 | Build | House |
| 0:10 | Queue | Villager (Male) |
| 0:10 | Queue | Villager (Male) |
| 1:28 | Queue | Villager (Male) |
| 1:28 | Queue | Villager (Male) |
| 1:43 | Build | Lumber Camp |
| 1:53 | Queue | Villager (Male) |
| 2:26 | Queue | Villager (Male) |
| 2:55 | Queue | Villager (Male) |
| 3:05 | Build | House |
| 3:11 | Queue | Villager (Male) |
| 3:30 | Queue | Villager (Male) |
| 4:05 | Queue | Villager (Male) |
| 4:16 | Build | Mill |
| 4:17 | Queue | Villager (Male) |
| 4:41 | Queue | Villager (Male) |
| 5:05 | Queue | Villager (Male) |
| 5:14 | Queue | Villager (Male) |
| 5:18 | Build | House |
| 5:37 | Queue | Villager (Male) |
| 6:01 | Build | Palisade Wall |
| 6:11 | Queue | Villager (Male) |
| 6:58 | Queue | Villager (Male) |
| 7:07 | Queue | Villager (Male) |
| 7:20 | Queue | Villager (Male) |
| 7:36 | Queue | Villager (Male) |
| 7:42 | Build | House |
| 7:55 | Build | Mill |
| 7:59 | Queue | Villager (Male) |
| 8:13 | Queue | Villager (Male) |
| 8:22 | Queue | Villager (Male) |
| 8:34 | Queue | Villager (Male) |
| 8:39 | Queue | Villager (Male) |
| 8:48 | Queue | Villager (Male) |
| 9:12 | Build | Mining Camp |
| 9:26 | Research | Feudal Age |
| 9:26 | Research | Feudal Age |
| 10:38 | Queue | Villager (Male) |
| 11:46 | Age | Feudal Age |
| 11:48 | Build | Stable |
| 11:49 | Research | Castle Age |
| 11:58 | Research | Horse Collar |
| 12:03 | Research | Double-Bit Axe |
| 12:03 | Research | Double-Bit Axe |
| 12:10 | Build | Farm |
| 12:12 | Build | Farm |
| 12:43 | Queue | Villager (Male) |
| 12:44 | Build | Farm |
| 12:48 | Build | Farm |
| 12:51 | Build | Farm |
| 12:56 | Build | House |
| 12:59 | Queue | Villager (Male) |
| 13:13 | Queue | Scout Cavalry |
| 13:15 | Build | House |
| 13:39 | Queue | Villager (Male) |
| 14:15 | Queue | Villager (Male) |
| 14:30 | Build | House |
| 14:35 | Queue | Villager (Male) |
| 14:51 | Age | Castle Age |
| 14:53 | Queue | Knight |
| 14:54 | Research | Bow Saw |
| 14:58 | Build | Monastery |
| 14:59 | Queue | Villager (Male) |
| 15:05 | Queue | Villager (Male) |
| 15:07 | Build | Farm |
| 15:14 | Queue | Knight |
| 15:18 | Queue | Villager (Male) |
| 15:23 | Queue | Villager (Male) |
| 15:38 | Queue | Knight |
| 15:46 | Queue | Monk |
| 15:47 | Build | House |
| 16:07 | Queue | Villager (Male) |
| 16:16 | Queue | Villager (Male) |
| 16:36 | Queue | Villager (Male) |
| 16:41 | Queue | Monk |
| 16:55 | Queue | Monk |
| 16:59 | Queue | Villager (Male) |
| 17:07 | Build | Town Center |
| 17:14 | Queue | Villager (Male) |
| 17:25 | Queue | Villager (Male) |
| 17:34 | Build | Town Center |
| 17:36 | Queue | Villager (Male) |
| 17:48 | Build | House |
| 17:48 | Queue | Villager (Male) |
| 17:59 | Queue | Villager (Male) |
| 18:00 | Build | Farm |
| 18:07 | Queue | Villager (Male) |
| 18:27 | Build | Farm |
| 18:30 | Build | Farm |
| 18:32 | Build | Farm |
| 18:33 | Build | Farm |
| 18:35 | Queue | Villager (Male) |
| 18:38 | Build | Farm |
| 18:41 | Build | Farm |
| 18:43 | Build | Farm |
| 18:44 | Build | Farm |
| 18:49 | Queue | Villager (Male) |
| 19:03 | Queue | Villager (Male) |
| 19:26 | Queue | Villager (Male) |
| 19:29 | Build | Farm |
| 19:31 | Queue | Villager (Male) |
| 19:33 | Build | Farm |
| 19:48 | Queue | Monk |
| 19:54 | Queue | Villager (Male) |
| 19:56 | Queue | Villager (Male) |
| 19:59 | Build | Farm |
| 19:59 | Build | Farm |
| 20:01 | Build | Farm |
| 20:02 | Queue | Villager (Male) |
| 20:07 | Build | Market |
| 20:09 | Queue | Villager (Male) |
| 20:19 | Queue | Villager (Male) |
| 20:24 | Build | Farm |
| 20:25 | Queue | Villager (Male) |
| 20:34 | Queue | Villager (Male) |
| 20:37 | Queue | Villager (Male) |
| 20:47 | Build | Farm |
| 20:48 | Queue | Villager (Male) |
| 20:50 | Queue | Villager (Male) |
| 20:58 | Queue | Villager (Male) |
| 21:07 | Build | House |
| 21:08 | Queue | Villager (Male) |
| 21:12 | Queue | Villager (Male) |
| 21:19 | Queue | Villager (Male) |
| 21:22 | Build | Town Center |
| 21:23 | Queue | Villager (Male) |
| 21:33 | Research | Heavy Plow |
| 21:34 | Research | Heavy Plow |
| 21:34 | Queue | Villager (Male) |
| 21:38 | Queue | Knight |
| 21:40 | Queue | Villager (Male) |
| 21:43 | Build | House |
| 21:44 | Queue | Villager (Male) |
| 21:53 | Queue | Villager (Male) |
| 21:54 | Build | Blacksmith |
| 21:58 | Queue | Knight |
| 22:15 | Queue | Villager (Male) |
| 22:19 | Queue | Villager (Male) |
| 22:23 | Build | Stable |
| 22:27 | Queue | Knight |
| 22:33 | Queue | Villager (Male) |
| 22:37 | Queue | Villager (Male) |
| 22:40 | Queue | Villager (Male) |
| 22:44 | Research | Scale Barding Armor |
| 22:44 | Research | Scale Barding Armor |
| 22:47 | Queue | Knight |
Build order — [MGG] El Diablo
First 150 of 286 actions detected
| 0:01 | Queue | Villager (Male) |
| 0:01 | Queue | Villager (Male) |
| 0:02 | Build | House |
| 0:04 | Build | House |
| 0:08 | Queue | Villager (Male) |
| 0:08 | Queue | Villager (Male) |
| 1:23 | Queue | Villager (Male) |
| 1:24 | Queue | Villager (Male) |
| 1:47 | Queue | Villager (Male) |
| 1:51 | Build | Lumber Camp |
| 2:19 | Queue | Villager (Male) |
| 2:19 | Queue | Villager (Male) |
| 2:53 | Queue | Villager (Male) |
| 2:53 | Queue | Villager (Male) |
| 3:24 | Queue | Villager (Male) |
| 3:24 | Queue | Villager (Male) |
| 3:25 | Queue | Villager (Male) |
| 3:28 | Queue | Villager (Male) |
| 3:29 | Queue | Villager (Male) |
| 3:29 | Queue | Villager (Male) |
| 4:02 | Queue | Villager (Male) |
| 4:02 | Queue | Villager (Male) |
| 4:04 | Build | House |
| 4:22 | Queue | Villager (Male) |
| 4:22 | Queue | Villager (Male) |
| 5:11 | Queue | Villager (Male) |
| 5:11 | Queue | Villager (Male) |
| 5:16 | Queue | Villager (Male) |
| 5:17 | Queue | Villager (Male) |
| 5:27 | Queue | Villager (Male) |
| 5:31 | Build | Barracks |
| 5:39 | Build | Barracks |
| 6:01 | Research | Loom |
| 6:06 | Build | House |
| 6:42 | Research | Feudal Age |
| 6:43 | Research | Feudal Age |
| 6:56 | Build | House |
| 7:16 | Queue | Militia |
| 7:24 | Build | Palisade Wall |
| 7:31 | Queue | Militia |
| 7:41 | Build | Mining Camp |
| 8:26 | Queue | Militia |
| 8:33 | Build | House |
| 8:35 | Build | Palisade Wall |
| 8:54 | Age | Feudal Age |
| 9:07 | Research | Man-at-Arms (upgrade) |
| 9:07 | Research | Man-at-Arms (upgrade) |
| 9:08 | Queue | Villager (Male) |
| 9:08 | Queue | Villager (Male) |
| 9:30 | Queue | Villager (Male) |
| 9:56 | Build | Watch Tower |
| 9:57 | Queue | Villager (Male) |
| 9:58 | Queue | Villager (Male) |
| 10:28 | Queue | Villager (Male) |
| 10:36 | Research | Arson |
| 10:36 | Research | Arson |
| 10:43 | Build | Mill |
| 10:44 | Queue | Villager (Male) |
| 10:45 | Queue | Villager (Male) |
| 10:55 | Queue | Militia |
| 11:27 | Queue | Militia |
| 11:54 | Queue | Villager (Male) |
| 11:57 | Build | House |
| 12:12 | Build | House |
| 12:29 | Queue | Militia |
| 12:48 | Queue | Villager (Male) |
| 13:01 | Build | Blacksmith |
| 13:42 | Queue | Villager (Male) |
| 13:42 | Queue | Villager (Male) |
| 13:44 | Build | Farm |
| 14:15 | Queue | Villager (Male) |
| 14:17 | Build | Farm |
| 14:39 | Queue | Villager (Male) |
| 14:41 | Build | Farm |
| 14:54 | Build | House |
| 14:59 | Queue | Villager (Male) |
| 14:59 | Queue | Villager (Male) |
| 15:04 | Build | Farm |
| 15:20 | Build | Stone Wall |
| 15:38 | Queue | Militia |
| 15:39 | Queue | Villager (Male) |
| 15:39 | Queue | Villager (Male) |
| 15:46 | Build | Mining Camp |
| 16:14 | Queue | Villager (Male) |
| 16:23 | Build | Gate |
| 16:30 | Build | Stone Wall |
| 16:43 | Research | Forging |
| 16:43 | Research | Forging |
| 16:43 | Queue | Villager (Male) |
| 16:44 | Queue | Villager (Male) |
| 16:46 | Build | Farm |
| 16:48 | Build | House |
| 17:02 | Queue | Villager (Male) |
| 17:02 | Queue | Villager (Male) |
| 17:14 | Build | Farm |
| 17:40 | Build | Farm |
| 17:41 | Queue | Villager (Male) |
| 17:47 | Build | Stone Wall |
| 17:50 | Build | Stone Wall |
| 17:55 | Queue | Villager (Male) |
| 18:09 | Research | Scale Mail Armor |
| 18:09 | Research | Scale Mail Armor |
| 18:10 | Queue | Villager (Male) |
| 18:10 | Queue | Villager (Male) |
| 18:12 | Build | Farm |
| 18:30 | Queue | Militia |
| 18:46 | Build | Gate |
| 18:48 | Build | Stone Wall |
| 18:54 | Queue | Villager (Male) |
| 18:56 | Build | Farm |
| 18:59 | Build | Farm |
| 18:59 | Queue | Villager (Male) |
| 19:22 | Queue | Villager (Male) |
| 19:25 | Build | Farm |
| 19:25 | Queue | Villager (Male) |
| 19:30 | Build | Market |
| 19:48 | Build | House |
| 19:53 | Queue | Villager (Male) |
| 19:55 | Build | Farm |
| 19:56 | Queue | Villager (Male) |
| 20:25 | Queue | Villager (Male) |
| 20:25 | Queue | Villager (Male) |
| 20:27 | Build | Farm |
| 20:45 | Research | Castle Age |
| 20:54 | Build | Stone Wall |
| 21:32 | Build | Stone Wall |
| 21:33 | Build | Stone Wall |
| 21:50 | Build | Barracks |
| 21:53 | Build | Barracks |
| 22:23 | Build | Gate |
| 22:26 | Build | Stone Wall |
| 22:27 | Build | Stone Wall |
| 22:30 | Build | Stone Wall |
| 22:31 | Build | Stone Wall |
| 23:25 | Age | Castle Age |
| 23:29 | Queue | Unit 1974 |
| 23:30 | Queue | Unit 1974 |
| 23:30 | Queue | Unit 1974 |
| 23:30 | Queue | Unit 1974 |
| 23:34 | Research | Chain Mail Armor |
| 23:48 | Queue | Villager (Male) |
| 23:48 | Queue | Villager (Male) |
| 23:50 | Research | Wheelbarrow |
| 23:50 | Research | Town Watch |
| 23:52 | Research | Horse Collar |
| 23:52 | Research | Horse Collar |
| 23:58 | Research | Double-Bit Axe |
| 23:58 | Research | Double-Bit Axe |
| 23:58 | Research | Double-Bit Axe |
| 24:14 | Queue | Unit 1974 |
Match timeline
| 0:28 | P0rr1dg3 · wall_segment Palisade Wall x1 |
| 0:30 | P0rr1dg3 · wall_segment Palisade Wall x1 |
| 0:31 | P0rr1dg3 · wall_segment Palisade Wall x9 |
| 1:37 | NicoRespeto · wall_segment Palisade Wall x7 |
| 1:46 | P0rr1dg3 · wall_segment Palisade Wall x1 |
| 1:47 | P0rr1dg3 · wall_segment Palisade Wall x11 |
| 1:57 | 自由人生 · wall_segment Palisade Wall x7 |
| 2:02 | 自由人生 · wall_segment Palisade Wall x1 |
| 2:46 | 自由人生 · wall_segment Palisade Wall x13 |
| 3:51 | P0rr1dg3 · wall_segment Palisade Wall x1 |
| 3:52 | P0rr1dg3 · wall_segment Palisade Wall x6 |
| 4:00 | NicoRespeto · wall_segment Palisade Wall x12 |
| 4:38 | NicoRespeto · wall_segment Palisade Wall x12 |
| 5:31 | [MGG] El Diablo · first_building Barracks |
| 5:46 | P0rr1dg3 · wall_segment Palisade Wall x1 |
| 6:01 | N8 d0g · wall_segment Palisade Wall x1 |
| 7:07 | P0rr1dg3 · wall_segment Palisade Wall x1 |
| 7:24 | [MGG] El Diablo · wall_segment Palisade Wall x12 |
| 7:42 | P0rr1dg3 · wall_segment Palisade Wall x1 |
| 8:35 | [MGG] El Diablo · wall_segment Palisade Wall x5 |
| 8:54 | [MGG] El Diablo · age_up feudal |
| 9:36 | P0rr1dg3 · wall_segment Palisade Wall x1 |
| 9:37 | P0rr1dg3 · wall_segment Palisade Wall x3 |
| 9:50 | P0rr1dg3 · wall_segment Palisade Wall x1 |
| 10:23 | P0rr1dg3 · wall_segment Palisade Wall x1 |
| 10:24 | P0rr1dg3 · wall_segment Palisade Wall x1 |
| 10:26 | P0rr1dg3 · wall_segment Palisade Wall x1 |
| 10:30 | P0rr1dg3 · wall_segment Palisade Wall x1 |
| 11:13 | P0rr1dg3 · age_up feudal |
| 11:18 | AutoCAD · age_up feudal |
| 11:46 | N8 d0g · age_up feudal |
| 11:48 | N8 d0g · first_building Stable |
| 11:53 | NicoRespeto · age_up feudal |
| 11:58 | YuF · age_up feudal |
| 12:00 | P0rr1dg3 · wall_segment Stone Wall x1 |
| 12:00 | 自由人生 · age_up feudal |
| 12:01 | feshark · age_up feudal |
| 12:02 | P0rr1dg3 · wall_segment Stone Wall x1 |
| 12:05 | P0rr1dg3 · wall_segment Stone Wall x4 |
| 12:11 | 自由人生 · wall_segment Stone Wall x11 |
| 12:25 | P0rr1dg3 · wall_segment Stone Wall x1 |
| 12:26 | 自由人生 · wall_segment Stone Wall x9 |
| 12:36 | P0rr1dg3 · wall_segment Stone Wall x1 |
| 12:41 | P0rr1dg3 · wall_segment Stone Wall x1 |
| 12:54 | P0rr1dg3 · wall_segment Stone Wall x1 |
| 13:01 | P0rr1dg3 · wall_segment Stone Wall x1 |
| 13:08 | NicoRespeto · first_market_sell 100 stone |
| 13:22 | NicoRespeto · first_market_buy 100 food |
| 13:24 | P0rr1dg3 · first_building Barracks |
| 13:29 | P0rr1dg3 · wall_segment Palisade Wall x1 |
| 13:29 | P0rr1dg3 · wall_segment Palisade Wall x1 |
| 13:52 | P0rr1dg3 · wall_segment Stone Wall x1 |
| 14:09 | P0rr1dg3 · wall_segment Stone Wall x1 |
| 14:35 | AutoCAD · age_up castle |
| 14:43 | AutoCAD · first_building Monastery |
| 14:51 | N8 d0g · age_up castle |
| 14:58 | N8 d0g · first_building Monastery |
| 15:20 | [MGG] El Diablo · wall_segment Stone Wall x6 |
| 15:44 | feshark · age_up castle |
| 15:46 | YuF · age_up castle |
| 15:54 | YuF · wall_segment Palisade Wall x10 |
| 15:55 | 自由人生 · age_up castle |
| 15:58 | YuF · first_building Monastery |
| 16:01 | 自由人生 · first_market_buy 100 stone |
| 16:13 | P0rr1dg3 · first_building Archery Range |
| 16:16 | P0rr1dg3 · wall_segment Stone Wall x1 |
| 16:21 | P0rr1dg3 · wall_segment Stone Wall x1 |
| 16:23 | P0rr1dg3 · wall_segment Stone Wall x1 |
| 16:25 | P0rr1dg3 · wall_segment Stone Wall x1 |
| 16:30 | [MGG] El Diablo · wall_segment Stone Wall x4 |
| 16:35 | P0rr1dg3 · wall_segment Stone Wall x1 |
| 16:47 | P0rr1dg3 · wall_segment Stone Wall x2 |
| 16:49 | P0rr1dg3 · wall_segment Stone Wall x1 |
| 16:53 | P0rr1dg3 · wall_segment Stone Wall x1 |
| 16:54 | P0rr1dg3 · wall_segment Stone Wall x1 |
| 16:55 | P0rr1dg3 · wall_segment Stone Wall x1 |
| 17:00 | NicoRespeto · age_up castle |
| 17:47 | [MGG] El Diablo · wall_segment Stone Wall x1 |
| 17:50 | [MGG] El Diablo · wall_segment Stone Wall x3 |
| 18:23 | 自由人生 · wall_segment Stone Wall x1 |
| 18:26 | P0rr1dg3 · wall_segment Stone Wall x1 |
| 18:32 | NicoRespeto · first_building Castle |
| 18:48 | [MGG] El Diablo · wall_segment Stone Wall x1 |
| 20:37 | [MGG] El Diablo · first_market_buy 100 food |
| 20:54 | [MGG] El Diablo · wall_segment Stone Wall x8 |
| 21:05 | feshark · first_building Castle |
| 21:16 | NicoRespeto · first_building Siege Workshop |
| 21:18 | N8 d0g · first_market_buy 100 stone |
| 21:32 | [MGG] El Diablo · wall_segment Stone Wall x4 |
| 21:33 | [MGG] El Diablo · wall_segment Stone Wall x10 |
| 22:26 | [MGG] El Diablo · wall_segment Stone Wall x5 |
| 22:27 | [MGG] El Diablo · wall_segment Stone Wall x4 |
| 22:30 | [MGG] El Diablo · wall_segment Stone Wall x3 |
| 22:31 | [MGG] El Diablo · wall_segment Stone Wall x6 |
| 23:20 | 自由人生 · first_building Castle |
| 23:25 | [MGG] El Diablo · age_up castle |
| 23:28 | feshark · first_building Barracks |
| 23:48 | 自由人生 · first_building Siege Workshop |
| 23:52 | P0rr1dg3 · wall_segment Stone Wall x1 |
| 23:53 | P0rr1dg3 · wall_segment Stone Wall x12 |
| 24:01 | 自由人生 · wall_segment Stone Wall x12 |
| 24:43 | [MGG] El Diablo · wall_segment Stone Wall x1 |
| 24:44 | [MGG] El Diablo · wall_segment Stone Wall x1 |
| 25:23 | YuF · first_market_buy 100 stone |
| 26:02 | [MGG] El Diablo · wall_segment Stone Wall x1 |
| 26:03 | AutoCAD · first_building Barracks |
| 26:36 | AutoCAD · first_building Castle |
| 27:21 | P0rr1dg3 · age_up castle |
| 27:34 | 自由人生 · age_up imperial |
| 28:22 | AutoCAD · first_building Stable |
| 28:29 | P0rr1dg3 · wall_segment Palisade Wall x1 |
| 28:43 | NicoRespeto · age_up imperial |
| 28:46 | P0rr1dg3 · wall_segment Palisade Wall x1 |
| 28:55 | AutoCAD · age_up imperial |
| 29:06 | 自由人生 · first_market_sell 100 wood |
| 29:17 | NicoRespeto · first_building Barracks |
| 29:23 | [MGG] El Diablo · first_building Castle |
| 29:28 | feshark · first_market_sell 100 food |
| 29:52 | YuF · first_building Barracks |
| 30:07 | YuF · first_building Castle |
| 30:10 | feshark · first_building Archery Range |
| 30:12 | NicoRespeto · wall_segment Stone Wall x15 |
| 30:23 | N8 d0g · age_up imperial |
| 30:28 | P0rr1dg3 · wall_segment Stone Wall x1 |
| 30:38 | P0rr1dg3 · wall_segment Stone Wall x1 |
| 31:22 | N8 d0g · first_building Siege Workshop |
| 31:30 | NicoRespeto · wall_segment Stone Wall x12 |
| 32:17 | P0rr1dg3 · first_market_buy 100 stone |
| 32:20 | P0rr1dg3 · first_building Castle |
| 32:49 | feshark · age_up imperial |
| 32:54 | 自由人生 · wall_segment Stone Wall x9 |
| 33:31 | N8 d0g · first_building Castle |
| 34:31 | 自由人生 · first_building Barracks |
| 34:51 | YuF · age_up imperial |
| 35:36 | 自由人生 · first_building Archery Range |
| 35:52 | P0rr1dg3 · wall_segment Stone Wall x1 |
| 35:53 | P0rr1dg3 · wall_segment Stone Wall x11 |
| 35:59 | NicoRespeto · wall_segment Stone Wall x8 |
| 36:01 | P0rr1dg3 · wall_segment Stone Wall x6 |
| 36:02 | NicoRespeto · wall_segment Stone Wall x4 |
| 36:02 | P0rr1dg3 · wall_segment Stone Wall x2 |
| 36:03 | P0rr1dg3 · wall_segment Stone Wall x1 |
| 36:04 | P0rr1dg3 · wall_segment Stone Wall x1 |
| 36:38 | P0rr1dg3 · wall_segment Palisade Wall x1 |
| 36:40 | NicoRespeto · wall_segment Stone Wall x12 |
| 36:44 | feshark · first_market_buy 500 stone |
| 36:45 | P0rr1dg3 · wall_segment Stone Wall x1 |
| 36:46 | P0rr1dg3 · wall_segment Stone Wall x1 |
| 36:49 | AutoCAD · first_building Siege Workshop |
| 37:33 | YuF · first_building Siege Workshop |
| 37:38 | NicoRespeto · wall_segment Stone Wall x1 |
| 37:44 | NicoRespeto · wall_segment Stone Wall x1 |
| 38:07 | P0rr1dg3 · wall_segment Stone Wall x1 |
| 38:35 | P0rr1dg3 · wall_segment Stone Wall x1 |
| 38:36 | P0rr1dg3 · wall_segment Stone Wall x1 |
| 38:37 | P0rr1dg3 · wall_segment Stone Wall x1 |
| 38:37 | P0rr1dg3 · wall_segment Stone Wall x2 |
| 38:38 | P0rr1dg3 · wall_segment Stone Wall x1 |
| 39:17 | feshark · tribute_sent a jugador 1 |
| 39:17 | feshark · tribute_sent a jugador 2 |
| 39:17 | feshark · tribute_sent a jugador 3 |
| 39:17 | feshark · tribute_sent a jugador 5 |
| 39:17 | feshark · tribute_sent a jugador 6 |
| 39:17 | feshark · tribute_sent a jugador 7 |
| 39:17 | feshark · tribute_sent a jugador 8 |
| 39:20 | P0rr1dg3 · wall_segment Stone Wall x1 |
| 39:22 | P0rr1dg3 · wall_segment Stone Wall x1 |
| 39:22 | P0rr1dg3 · wall_segment Stone Wall x1 |
| 39:25 | P0rr1dg3 · wall_segment Stone Wall x1 |
| 39:26 | P0rr1dg3 · wall_segment Stone Wall x1 |
| 39:26 | P0rr1dg3 · wall_segment Stone Wall x1 |
| 40:00 | [MGG] El Diablo · first_building Archery Range |
| 41:06 | AutoCAD · wall_segment Stone Wall x14 |
| 41:23 | P0rr1dg3 · wall_segment Stone Wall x1 |
| 41:26 | P0rr1dg3 · wall_segment Stone Wall x1 |
| 41:38 | feshark · resign |
| 41:59 | P0rr1dg3 · wall_segment Stone Wall x1 |
| 42:02 | P0rr1dg3 · wall_segment Stone Wall x1 |
[ AI ANALYSIS · 1 CREDIT ]
What really happened in this match?
Wolo.gg analyzes every decision: build order, eco, micro, common mistakes by bracket. Personalized analysis on WhatsApp or Discord in 30 seconds.
Civ guide
Britons
Perfil
Jugador #17527294